 Dungeon Crawl Stone Soup version 0.24-a0-535-gbb0d440 (webtiles) character file.

Game seed: 4883525922875061099

73 thomd the Cutter (level 4, -1/24 HPs)
             Began as a Spriggan Monk on Aug 9, 2019.
             Slain by a black bear (7 damage)
             ... on level 6 of the Dungeon.
             The game lasted 00:02:57 (1570 turns).

thomd the Cutter (Spriggan Monk)                    Turns: 1570, Time: 00:02:58

Health: -1/24      AC:  2    Str:  8    XL:     4   Next: 8%
Magic:  5/5        EV: 20    Int: 11    God:
Gold:   38         SH:  0    Dex: 18    Spells: 3/3 levels left

rFire    . . .     SeeInvis +   a - +1 short sword
rCold    . . .     Gourm    .   (shield restricted)
rNeg     . . .     Faith    .   b - +0 robe
rPois    .         Spirit   .   (helmet restricted)
rElec    .         Reflect  .   (no cloak)
rCorr    .         Harm     .   (gloves unavailable)
MR       .....                  (boots unavailable)
Stlth    ++........             (no amulet)
HPRegen  0.08/turn              (no ring)
MPRegen  0.09/turn              (no ring)

@: very quick
A: very small, unfitting armour, see invisible, herbivore, speed 3, slow
metabolism 2
a: no special abilities


You were on level 6 of the Dungeon.
You were not hungry.

You visited 1 branch of the dungeon, and saw 4 of its levels.

You collected 38 gold pieces.

Inventory:

Hand Weapons
 a - a +1 short sword (weapon)
 p - a +1 dagger of protection
Armour
 b - a +0 robe (worn)
 g - a +0 cloak
Jewellery
 i - an uncursed amulet of the gourmand {unknown}
 n - an uncursed amulet of harm {unknown}
Scrolls
 d - 6 scrolls of remove curse
 e - a scroll of fog {unknown}
 f - a scroll of blinking
 j - a scroll of magic mapping
 k - a scroll of enchant weapon
 l - 2 scrolls of teleportation
Potions
 h - 2 potions of curing {unknown}
 m - a potion of heal wounds {unknown}
 o - a potion of brilliance {unknown}
Comestibles
 c - 6 rations


   Skills:
 + Level 3.0 Fighting
 * Level 4.9 Short Blades
 - Level 4.4 Dodging
 - Level 3.0 Stealth


You had 3 spell levels left.
You didn't know any spells.
Your spell library was empty.

Dungeon Overview and Level Annotations

Branches:
Dungeon (3/15)

Altars:
Uskayaw


Innate Abilities, Weirdness & Mutations

You are very small and have problems with some larger weapons.
You are too small for most types of armour.
You have supernaturally acute eyesight. (SInv)
You are a herbivore.
You cover ground extremely quickly.
You need to consume almost no food.


Message History

The shadow imp is severely wounded.
You hit the shadow imp but do no damage.
The shadow imp is severely wounded.
The shadow imp gestures at you. Pain shoots through your body!
Ouch! That really hurt!
You are too injured to fight recklessly!
You are too injured to fight recklessly!
There is an open door here.
The shadow imp gestures at you. Pain shoots through your body!
* * * LOW HITPOINT WARNING * * *
A giant cockroach comes into view.
The shadow imp shouts, "Quit, thou craven full-gorged reprobate!"
An adder comes into view.
Found a stone staircase leading down.
The adder hisses angrily.
A black bear comes into view.
The black bear bites you!
You die...

#......#....#..........
#......#....#..........
#......#....+.....S....
##..###.S###..##
######.S###..#
#.........# >..
#.........# ..
+......h..# #.......@.#
#...###..## .... #..#
... .... .. .....
....... #.####.. #. ###


You could see a black bear and 2 adders.

Vanquished Creatures
  An adder (D:2)
  An ooze (D:1)
  2 worms (D:2)
  3 dart slugs (D:1)
  A leopard gecko (D:2)
  3 ball pythons
  7 bats (D:1)
  6 giant cockroaches
  3 goblins
  A hobgoblin (D:2)
  5 jackals
  A quokka (D:2)
  2 frilled lizards (D:2)
  4 kobolds
  6 rats
46 creatures vanquished.

Notes
Turn   | Place    | Note
-------+----------+-------------------------------------------
     0 | D:1      | thomd the Spriggan Monk began the quest for the Orb.
     0 | D:1      | Reached XP level 1. HP: 11/11 MP: 2/2
   118 | D:1      | Reached XP level 2. HP: 16/16 MP: 3/3
   418 | D:1      | Reached XP level 3. HP: 19/19 MP: 4/4
  1088 | D:2      | Found a hide-covered altar of Uskayaw.
  1091 | D:2      | Noticed a +0 hand axe
  1091 | D:2      | Noticed a +0 dagger
  1205 | D:2      | Reached XP level 4. HP: 20/24 MP: 5/5
  1530 | D:3      | You fall into a shaft and drop 3 floors!
  1562 | D:6      | Noticed a black bear
  1570 | D:6      | Slain by a black bear

Levels and vault maps discovered:
D:1:      dpeg_arrival_stone_temple_mockup, layout_basic
D:2:      layout_loops_cross, dancing_weapons_uskayaw
D:3:      layout_loops_corners
D:6:      layout_gridville, nicolae_elemental_shop, nrook_mini_vaults,
          uniq_eustachio, uniq_grinder

Skill      XL: |  1  2  3 |
---------------+----------+-----
Short Blades   | 4 |  4.9
Fighting       | 3 |  3.0
Dodging        | |  4.4
Stealth        | |  3.0

Action                   |  1- 3 |  4- 6 || total
-------------------------+-------+-------++-------
Melee: Short sword       |   139 |    12 ||   151
  Use: Scroll            |     6 |     1 ||     7
 Stab: Sleeping          |    10 |     1 ||    11
Armor: Robe              |    10 |     1 ||    11
Dodge: Dodged            |   113 |     8 ||   121

Table legend:
 A = Non-vault XP
 B = Vault XP
 C = Vault XP percentage of total XP
 D = Non-vault monster count
 E = Vault monster count
 F = Vault count percentage of total count
                 A         B        C        D         E       F
            +---------+---------+-------+---------+---------+-------
      Total |     105 |       0 |   0.0 |      46 |       0 |   0.0
            +---------+---------+-------+---------+---------+-------
        D:1 |      55 |       0 |   0.0 |      26 |       0 |   0.0
        D:2 |      48 |       0 |   0.0 |      18 |       0 |   0.0
        D:3 |       2 |       0 |   0.0 |       2 |       0 |   0.0
            +---------+---------+-------+---------+---------+-------
